% Time on Ice - SPOKANE KNIGHTS
Lines # - Real PCT - Wanted PCT - Time Play
Normal Forward
1 - 25% - 25% - 11:48
2 - 25% - 25% - 11:57
3 - 26% - 25% - 12:37
4 - 24% - 25% - 11:43
Normal Defense
1 - 30% - 30% - 14:22
2 - 37% - 30% - 17:43
3 - 22% - 20% - 10:47
4 - 11% - 20% - 5:13
PP Forward
1 - 56% - 55% - 3:20
2 - 44% - 45% - 2:38
PP Defense
1 - 39% - 55% - 2:20
2 - 61% - 45% - 3:38
PK Forward
1 - 55% - 55% - 3:16
2 - 45% - 45% - 2:41
PK Defense
1 - 42% - 55% - 2:31
2 - 58% - 45% - 3:26
PK3 Forward
1 - 0% - 55%
2 - 0% - 45%
PK3 Defense
1 - 0% - 55%
2 - 0% - 45%
44 Forward
1 - 0% - 55%
2 - 0% - 45%
44 Defense
1 - 0% - 55%
2 - 0% - 45%
Last Minute Offensive  - 0:00
Last Minute Defensive  - 0:00
Total
Forward - 60:00
Defense - 60:00
% Time on Ice - LAS VEGAS LIZARD KINGS
Lines # - Real PCT - Wanted PCT - Time Play
Normal Forward
1 - 36% - 37% - 17:05
2 - 28% - 30% - 13:39
3 - 26% - 23% - 12:33
4 - 10% - 10% - 4:48
Normal Defense
1 - 39% - 45% - 18:40
2 - 31% - 35% - 14:55
3 - 30% - 20% - 14:30
4 - 0% - 0% - 0:00
PP Forward
1 - 56% - 65% - 3:20
2 - 44% - 35% - 2:37
PP Defense
1 - 61% - 55% - 3:39
2 - 39% - 45% - 2:18
PK Forward
1 - 58% - 55% - 3:29
2 - 42% - 45% - 2:29
PK Defense
1 - 45% - 60% - 2:40
2 - 55% - 40% - 3:18
PK3 Forward
1 - 0% - 55%
2 - 0% - 45%
PK3 Defense
1 - 0% - 55%
2 - 0% - 45%
44 Forward
1 - 0% - 55%
2 - 0% - 45%
44 Defense
1 - 0% - 55%
2 - 0% - 45%
Last Minute Offensive  - 0:00
Last Minute Defensive  - 0:00
Total
Forward - 60:00
Defense - 60:00
Play-by-Play 1st period 0:01 of 1st period - Ryan Nugent-Hopkins wins face-off versus Quinton Byfield in neutral zone. 0:07 of 1st period - Joe Pavelski is hit by Logan O'Connor and loses puck. 0:15 of 1st period - Logan O'Connor is hit by Brayden McNabb and loses puck. 0:26 of 1st period - Shot by Quinton Byfield. 0:26 of 1st period - Shot Misses the Net. 0:36 of 1st period - Shot by Quinton Byfield. 0:36 of 1st period - Stopped by Sergei Bobrovsky without a rebound. 0:37 of 1st period - Shane Pinto wins face-off versus Vladislav Namestnikov in LAS VEGAS LIZARD KINGS zone. 0:47 of 1st period - Off-side. 0:48 of 1st period - Jeff Carter wins face-off versus Nicklas Backstrom in neutral zone. 0:55 of 1st period - Shot by Dillon Dube. 0:55 of 1st period - Goal by Dillon Dube - SPOKANE KNIGHTS : 0 - LAS VEGAS LIZARD KINGS : 1. 0:56 of 1st period - Vladislav Namestnikov wins face-off versus Anthony Duclair in neutral zone. 2:38 of 1st period - Icing by Brayden McNabb. 2:39 of 1st period - Shane Pinto wins face-off versus Jeff Carter in LAS VEGAS LIZARD KINGS zone. 2:40 of 1st period - Shot by Tyler Motte. 2:40 of 1st period - Shot Misses the Net. 2:45 of 1st period - Off-side. 2:46 of 1st period - Ryan Nugent-Hopkins wins face-off versus Shane Pinto in neutral zone. 3:08 of 1st period - Shot by Shane Pinto. 3:08 of 1st period - Stopped by Sergei Bobrovsky with a rebound. 3:37 of 1st period - Icing by Logan O'Connor. 3:38 of 1st period - Ty Dellandrea wins face-off versus Quinton Byfield in SPOKANE KNIGHTS zone. 3:46 of 1st period - Icing by Luke Martin. 3:47 of 1st period - Jeff Carter wins face-off versus Quinton Byfield in SPOKANE KNIGHTS zone. 4:07 of 1st period - Shot by Logan O'Connor. 4:07 of 1st period - Deflect By Quinton Byfield. 4:07 of 1st period - Stopped by Sergei Bobrovsky without a rebound. 4:08 of 1st period - Luke Glendening wins face-off versus Shane Pinto in LAS VEGAS LIZARD KINGS zone. 4:08 of 1st period - Luke Glendening is hit by Tyler Motte. 4:41 of 1st period - Luke Glendening is hit by Callan Foote and loses puck. 4:44 of 1st period - Shot by Luke Glendening. 4:44 of 1st period - Shot Blocked by Callan Foote. 4:46 of 1st period - Shot by Matt Roy. 4:46 of 1st period - Shot Blocked by Chad Ruhwedel. 4:48 of 1st period - Shot by Luke Glendening. 4:48 of 1st period - Goal by Luke Glendening - SPOKANE KNIGHTS : 0 - LAS VEGAS LIZARD KINGS : 2. 4:49 of 1st period - Ryan Nugent-Hopkins wins face-off versus Anthony Duclair in neutral zone. 4:56 of 1st period - Shot by Johnny Gaudreau. 4:56 of 1st period - Shot Misses the Net. 5:04 of 1st period - Shot by Joe Pavelski. 5:04 of 1st period - Stopped by Matthew Murray with a rebound. 5:14 of 1st period - Shot by Anthony Cirelli. 5:14 of 1st period - Deflect By Anthony Duclair. 5:14 of 1st period - Stopped by Sergei Bobrovsky without a rebound. 5:15 of 1st period - Nicklas Backstrom wins face-off versus Evan Rodrigues in LAS VEGAS LIZARD KINGS zone. 5:35 of 1st period - Vladislav Namestnikov is hit by Luke Martin and loses puck. 5:42 of 1st period - Shot by Vladislav Namestnikov. 5:42 of 1st period - Stopped by Matthew Murray without a rebound. 5:43 of 1st period - Ryan Nugent-Hopkins wins face-off versus Quinton Byfield in SPOKANE KNIGHTS zone. 5:44 of 1st period - Shot by Johnny Gaudreau. 5:44 of 1st period - Deflect By Joe Pavelski. 5:44 of 1st period - Shot Misses the Net. 6:18 of 1st period - Shot by Logan O'Connor. 6:18 of 1st period - Shot Blocked by John Marino. 6:20 of 1st period - Shot by Rasmus Kupari. 6:20 of 1st period - Stopped by Sergei Bobrovsky without a rebound. 6:21 of 1st period - Jeff Carter wins face-off versus Anthony Duclair in LAS VEGAS LIZARD KINGS zone. 6:29 of 1st period - Shot by Jeff Carter. 6:29 of 1st period - Shot Hit the Post. 6:31 of 1st period - Shot by Jeff Carter. 6:31 of 1st period - Stopped by Matthew Murray without a rebound. 6:32 of 1st period - Cole Sillinger wins face-off versus Vladislav Namestnikov in SPOKANE KNIGHTS zone. 7:34 of 1st period - Shot by Dillon Dube. 7:34 of 1st period - Stopped by Matthew Murray without a rebound. 7:35 of 1st period - Ryan Nugent-Hopkins wins face-off versus Anthony Duclair in SPOKANE KNIGHTS zone. 7:47 of 1st period - Shot by Anthony Cirelli. 7:47 of 1st period - Shot Misses the Net. 7:49 of 1st period - Shot by Anthony Cirelli. 7:49 of 1st period - Shot Blocked by Ryan Nugent-Hopkins. 7:51 of 1st period - Shot by Anthony Cirelli. 7:51 of 1st period - Stopped by Sergei Bobrovsky without a rebound. 7:52 of 1st period - Shane Pinto wins face-off versus Jeff Carter in LAS VEGAS LIZARD KINGS zone. 8:03 of 1st period - Shot by Tyler Motte. 8:03 of 1st period - Shot Misses the Net. 8:25 of 1st period - Shot by Tyler Motte. 8:25 of 1st period - Deflect By Corey Perry. 8:25 of 1st period - Shot Blocked by John Marino. 9:10 of 1st period - Shot by Quinton Byfield. 9:10 of 1st period - Deflect By Logan O'Connor. 9:10 of 1st period - Shot Misses the Net. 9:12 of 1st period - Shot by Rasmus Kupari. 9:12 of 1st period - Stopped by Sergei Bobrovsky without a rebound. 9:13 of 1st period - Ryan Nugent-Hopkins wins face-off versus Nicklas Backstrom in LAS VEGAS LIZARD KINGS zone. 9:21 of 1st period - Icing by Nicklas Backstrom. 9:22 of 1st period - Ryan Nugent-Hopkins wins face-off versus Nicklas Backstrom in SPOKANE KNIGHTS zone. 9:29 of 1st period - Shot by Joe Pavelski. 9:29 of 1st period - Shot Hit the Post. 10:15 of 1st period - Icing by Cole Sillinger. 10:16 of 1st period - Nicklas Backstrom wins face-off versus Vladislav Namestnikov in SPOKANE KNIGHTS zone. 10:30 of 1st period - Minor Penalty to Chad Ruhwedel for Hooking. 10:31 of 1st period - Corey Perry wins face-off versus Jeff Carter in SPOKANE KNIGHTS zone. 11:08 of 1st period - Shot by Brandon Hagel. 11:08 of 1st period - Stopped by Matthew Murray without a rebound. 11:09 of 1st period - Lias Andersson wins face-off versus Ryan Nugent-Hopkins in SPOKANE KNIGHTS zone. 11:50 of 1st period - Shot by Joe Pavelski. 11:50 of 1st period - Deflect By Ryan Nugent-Hopkins. 11:50 of 1st period - Shot Misses the Net. 12:47 of 1st period - Icing by Jonathon Merrill. 12:48 of 1st period - Luke Glendening wins face-off versus Quinton Byfield in SPOKANE KNIGHTS zone. 13:28 of 1st period - Icing by Zemgus Girgensons. 13:29 of 1st period - Luke Glendening wins face-off versus Shane Pinto in LAS VEGAS LIZARD KINGS zone. 14:09 of 1st period - Johnny Gaudreau is hit by Tyler Motte and loses puck. 15:04 of 1st period - Shot by Brandon Hagel. 15:04 of 1st period - Shot Blocked by Anthony Cirelli. 15:09 of 1st period - Shot by Vladislav Namestnikov. 15:09 of 1st period - Shot Blocked by Anthony Cirelli. 15:11 of 1st period - Shot by Vladislav Namestnikov. 15:11 of 1st period - Shot Misses the Net. 15:13 of 1st period - Shot by Brandon Hagel. 15:13 of 1st period - Stopped by Matthew Murray without a rebound. 15:14 of 1st period - Jeff Carter wins face-off versus Quinton Byfield in SPOKANE KNIGHTS zone. 15:19 of 1st period - Shot by Victor Olofsson. 15:19 of 1st period - Shot Misses the Net. 15:49 of 1st period - Shot by Logan O'Connor. 15:49 of 1st period - Stopped by Sergei Bobrovsky with a rebound. 16:22 of 1st period - Shot by Nicklas Backstrom. 16:22 of 1st period - Deflect By Lias Andersson. 16:22 of 1st period - Stopped by Sergei Bobrovsky without a rebound. 16:23 of 1st period - Ryan Nugent-Hopkins wins face-off versus Shane Pinto in LAS VEGAS LIZARD KINGS zone. 16:45 of 1st period - Corey Perry is hit by Matt Roy and loses puck. 17:24 of 1st period - Shot by Nicklas Backstrom. 17:24 of 1st period - Deflect By Lias Andersson. 17:24 of 1st period - Stopped by Sergei Bobrovsky without a rebound. 17:25 of 1st period - Vladislav Namestnikov wins face-off versus Anthony Duclair in LAS VEGAS LIZARD KINGS zone. 17:25 of 1st period - Vladislav Namestnikov is hit by Kevin Rooney. 17:34 of 1st period - Shot by Patrik Nemeth. 17:34 of 1st period - Shot Blocked by Anthony Cirelli. 17:36 of 1st period - Shot by Brandon Hagel. 17:36 of 1st period - Deflect By Evan Rodrigues. 17:36 of 1st period - Stopped by Matthew Murray without a rebound. 17:37 of 1st period - Luke Glendening wins face-off versus Quinton Byfield in SPOKANE KNIGHTS zone. 17:44 of 1st period - Shot by Ty Dellandrea. 17:44 of 1st period - Shot Misses the Net. 18:02 of 1st period - Shot by Ty Dellandrea. 18:02 of 1st period - Deflect By Luke Glendening. 18:02 of 1st period - Stopped by Matthew Murray without a rebound. 18:03 of 1st period - Shane Pinto wins face-off versus Vladislav Namestnikov in SPOKANE KNIGHTS zone. 18:05 of 1st period - Corey Perry is hit by Evan Rodrigues. 19:23 of 1st period - Shot by Joe Pavelski. 19:23 of 1st period - Goal by Joe Pavelski - SPOKANE KNIGHTS : 0 - LAS VEGAS LIZARD KINGS : 3. 19